Cogmind - Beta 10.2 @@@ ROGUE MODE // 2020.11.15 @ 13:21:04 Player: FrankBlack78 Result: Destroyed self with Grenade Launcher Performance ------------- Evolutions (1) 500 Regions Visited (2) 400 Robots Destroyed (28) 140 Value Destroyed (788) 788 Prototype IDs (1) 20 Alien Tech Used (0) 0 Bonus (0) 0 TOTAL SCORE: 1848 Bonus ------- None Cogmind --------- Core Integrity 0/400 Matter 295/300 Energy 402/415 System Corruption 6% Temperature Cool (0) Movement Walking (150) Ox1 Location -9/Materials Parts ------- > --- POWER (2) -------- Ion Engine Improved Ion Engine > --- PROPULSION (2) --- Aluminum Leg Aluminum Leg > --- UTILITY (3) ------ Heat Sink Disposable Heat Sink Large Storage Unit > --- WEAPON (2) ------- Grenade Launcher > --- INVENTORY (10) --- Heat Sink Peak State ------------ > --- POWER ------------ Ion Engine Improved Ion Engine > --- PROPULSION ------- Aluminum Leg Aluminum Leg > --- UTILITY ---------- Heat Sink Disposable Heat Sink Large Storage Unit > --- WEAPON ----------- Beam Rifle Grenade Launcher > --- INVENTORY -------- Heat Sink [Rating: 12] Favorites ----------- Power Ion Engine Engine Ion Engine Propulsion Aluminum Leg Treads Light Treads Leg Aluminum Leg Utility Large Storage Unit Device Disposable Heat Sink Storage Large Storage Unit Processor Targeting Computer Weapon Small Laser Energy Gun Small Laser Energy Cannon Beam Cannon Ballistic Gun Assault Rifle Launcher Grenade Launcher Build | -11 -10 -9 ------- Run | Scr Mat Mat Slots Evolved 2 | . . 2 Power 1 | . . 1 Propulsion . | . . . Utility 1 | . . 1 Weapon . | . . . Parts Attached 31 | 6 6 19 Power 9 | 1 2 6 Engine 9 | 1 2 6 Core . | . . . Reactor . | . . . Propulsion 5 | 2 . 3 Treads 1 | . . 1 Leg 4 | 2 . 2 Wheel . | . . . Hover . | . . . Flight . | . . . Utility 6 | 1 3 2 Device 3 | 1 . 2 Storage 1 | . 1 . Processor 2 | . 2 . Hackware . | . . . Protection . | . . . Artifact . | . . . Weapon 11 | 2 1 8 Energy Gun 4 | 1 . 3 Energy Cannon 1 | . 1 . Ballistic Gun 4 | 1 . 3 Ballistic Cannon . | . . . Launcher 2 | . . 2 Special Weapon . | . . . Impact Weapon . | . . . Slashing Weapon . | . . . Piercing Weapon . | . . . Special Melee Weapon . | . . . Unidentified Prototypes 1 | . . 1 Parts Lost 11 | . . 11 Power 2 | . . 2 Propulsion 2 | . . 2 Utility 1 | . . 1 Weapon 6 | . . 6 Highest Loss Streak 3 | . . 3 Average Slot Usage (%) 87 | . 95 78 Engine 15 | . 14 17 Leg 20 | . 28 12 Device 7 | . 5 9 Storage 9 | . 8 11 Processor 8 | . 10 5 Energy Gun 9 | . 14 5 Energy Cannon 3 | . 2 3 Ballistic Gun 10 | . 11 10 Naked Turns . | . . . Heaviest Build 38 | 7 24 38 Greatest Support 20 | 20 20 20 Greatest Overweight (x) 12 | . 1 12 Average Overweight (x) . | . . 1 Largest Inventory Capacity 10 | 4 10 10 Average Capacity 8 | 4 7 10 Most Carried 6 | 3 6 5 Average Carried 2 | . 3 2 Final Capacity 10 | 4 10 10 Final Carried 5 | 2 5 1 Class Distribution -------------------- 91% | Mutant 8% | Scavenger-Mutant Dominant Class ---------------- Mutant | -10/Materials Mutant | -9/Materials Resources | -11 -10 -9 ----------- Run | Scr Mat Mat Matter Collected 741 | 253 124 364 Remotely . | . . . Salvage Created 980 | 42 287 651 Parts 67 | 3 19 45 Haulers Intercepted . | . . . Recyclers Shooed . | . . . Parts Field Recycled . | . . . Retrieved Matter . | . . . Parts Self-Destructed . | . . . Prevented . | . . . Kills | -11 -10 -9 ------- Run | Scr Mat Mat Combat Hostiles Destroyed 23 | 1 5 17 Guns 18 | 1 4 13 Cannons 4 | . 1 3 AOE 1 | . . 1 Classes Destroyed 6 | 1 1 4 Worker 2 | . . 2 Watcher 3 | . 3 . Swarmer 4 | . . 4 Grunt 15 | 1 5 9 Brawler 2 | . . 2 Sentry 2 | . . 2 Best Kill Streak 4 | 1 3 4 Combat Bots Only 4 | 1 2 4 Max Kills in Single Turn 2 | 1 1 2 Gunslinging . | . . . Exploded 1 | . . 1 Melee . | . . . Uniques/NPCs Destroyed . | . . . Combat | -11 -10 -9 -------- Run | Scr Mat Mat Damage Taken 1638 | 12 195 1431 Core 447 | . 38 409 Absorbed by Shields . | . . . Core Remaining (%) 92 | 100 84 . Volleys Fired 99 | 1 26 72 Largest 2 | 2 2 2 Hottest 100 | 60 100 100 Shots Fired 165 | 2 49 114 Gun 143 | 2 41 100 Cannon 19 | . 8 11 Launcher 3 | . . 3 Special . | . . . Kinetic 93 | 1 18 74 Thermal 69 | 1 31 37 Explosive 3 | . . 3 Electromagnetic . | . . . Robot Hit Streak 19 | 2 7 19 Robot Miss Streak 5 | . 3 5 Penetration Max . | . . . Secondary Targets 2 | . . 2 Max Gunslinging Chain 1 | . . 1 Shots Hit Robots 107 | 2 28 77 Core Hits 50 | 2 14 34 Critical Hits . | . . . Critical Kills . | . . . Critical Parts Destroyed . | . . . Melee Attacks . | . . . Impact . | . . . Slashing . | . . . Piercing . | . . . Sneak Attacks . | . . . Combat Hostiles . | . . . Follow-up Attacks . | . . . Damage Inflicted 1384 | 21 372 991 Guns 1051 | 21 267 763 Cannons 209 | . 105 104 Explosions 124 | . . 124 Melee . | . . . Ramming . | . . . Kinetic 684 | 11 67 606 Thermal 576 | 10 305 261 Explosive 124 | . . 124 Electromagnetic . | . . . Impact . | . . . Slashing . | . . . Piercing . | . . . Highest Corruption 6 | . . 6 Average Corruption 5 | . . 5 Corruption Purged . | . . . Effects 5 | . . 5 Message Errors 2 | . . 2 Matter Fused 2 | . . 2 Energy Discharges 1 | . . 1 Overload Shots . | . . . Overflow Damage 1 | . . 1 Projectiles . | . . . Explosions 1 | . . 1 Melee . | . . . Knockbacks . | . . . Impact . | . . . Kinetic . | . . . Secondary . | . . . Self-Inflicted Damage 37 | . . 37 Shots 1 | . . 1 Rammed . | . . . Targets Rammed . | . . . Kicked . | . . . Crushed . | . . . Highest Temperature 327 | 6 327 311 Average Temperature 123 | 6 162 116 Received Heat Transfer 561 | 6 105 450 Effects 1 | . 1 . Short Circuit 1 | . 1 . Siege Activations . | . . . Robots Corrupted . | . . . Combat Hostiles . | . . . Parts Fried . | . . . Impact Corruptions . | . . . Robots Melted . | . . . Combat Hostiles . | . . . Parts Melted 2 | . 1 1 Heat Transferred 1305 | 25 672 608 Parts Sabotaged . | . . . Parts Stolen . | . . . Parts Stripped . | . . . Power Chain Reactions . | . . . Missiles Intercepted . | . . . Alert | -11 -10 -9 ------- Run | Scr Mat Mat Peak Influence 270 | 20 120 270 Initial 30 | . 13 30 Average 98 | 4 72 142 Maximum Alert Level 1 | . . 1 Low Security (%) 90 | 100 100 78 Level 1 9 | . . 21 Level 2 . | . . . Level 3 . | . . . Level 4 . | . . . Level 5 . | . . . High Security . | . . . Max Security . | . . . Squads Dispatched 1 | . . 1 Investigation . | . . . Extermination . | . . . Reinforcement 1 | . . 1 Assault . | . . . Garrison . | . . . Intercept . | . . . Construction Impeded . | . . . Haulers Reinforced . | . . . Stealth | -11 -10 -9 --------- Run | Scr Mat Mat Distress Signals . | . . . Communications Jammed . | . . . Distress Signals . | . . . Times Spotted 32 | 1 12 19 Peak Tracking Total 4 | . 3 4 Tactical Retreats . | . . . Traps | -11 -10 -9 ------- Run | Scr Mat Mat Traps Triggered 2 | . . 2 Indirectly . | . . . Trap Hack Attempts . | . . . Triggered . | . . . Disarmed . | . . . Reprogrammed . | . . . Reused . | . . . Traps Extracted . | . . . Installed . | . . . Triggered . | . . . Machines | -11 -10 -9 ---------- Run | Scr Mat Mat Machines Disabled . | . . . Max in Single Turn . | . . . Machines Sabotaged . | . . . Garrisons Compromised . | . . . Overloaded Fab Kills . | . . . Fab Network Shutdowns . | . . . Hacking | -11 -10 -9 --------- Run | Scr Mat Mat Machines Accessed 2 | . 2 . Terminals 2 | . 2 . Fabricators . | . . . Repair Stations . | . . . Recycling Units . | . . . Scanalyzers . | . . . Garrison Access . | . . . Total Hacks 3 | . 3 . Successful 2 | . 2 . Failed 1 | . 1 . Catastrophic . | . . . Database Lockouts . | . . . Manual . | . . . Terminals 3 | . 3 . Fabricators . | . . . Repair Stations . | . . . Recycling Units . | . . . Scanalyzers . | . . . Garrison Access . | . . . Terminal Hacks 2 | . 2 . Alert Level 1 | . 1 . Locate Traps 1 | . 1 . Fabricator Hacks . | . . . Repair Station Hacks . | . . . Recycling Unit Hacks . | . . . Scanalyzer . | . . . Garrison Access Hacks . | . . . Unauthorized Hacks . | . . . Terminals . | . . . Fabricators . | . . . Repair Stations . | . . . Recycling Units . | . . . Scanalyzers . | . . . Garrison Access . | . . . Data Cores Recovered . | . . . Used . | . . . Hacking Detections 1 | . 1 . Full Trace Events . | . . . Feedback Events . | . . . Feedback Blocked . | . . . Robot Schematics Acquired . | . . . Robots Built . | . . . Matter . | . . . Time . | . . . Total Robot Build Rating . | . . . Part Schematics Acquired . | . . . Parts Built . | . . . Matter . | . . . Time . | . . . Total Part Build Rating . | . . . Parts Repaired . | . . . Time . | . . . Parts Recycled . | . . . Recycled Matter . | . . . Retrieved Matter . | . . . Retrieved Components . | . . . Parts Scanalyzed . | . . . Part Schematics Acquired . | . . . Parts Damaged . | . . . Bothacking | -11 -10 -9 ------------ Run | Scr Mat Mat Used RIF Installer . | . . . Robots Hacked . | . . . Non-combat . | . . . Combat . | . . . Robot Hacks Applied . | . . . Relay Couplers Released . | . . . Robots Rewired . | . . . Allies Hacked . | . . . Hacks Repelled . | . . . Allies | -11 -10 -9 -------- Run | Scr Mat Mat Total Allies . | . . . Largest Group . | . . . Highest-Rated Group . | . . . Highest-Rated Ally . | . . . Total Orders . | . . . Ally Attacks . | . . . Total Damage . | . . . Kills . | . . . Allies Corrupted . | . . . Allies Melted . | . . . Intel | -11 -10 -9 ------- Run | Scr Mat Mat Robot Analysis Total . | . . . Derelict Logs Recovered . | . . . Drone Launches . | . . . Drone Recoveries . | . . . Exploration | -11 -10 -9 ------------- Run | Scr Mat Mat Turns Passed 1175 | 87 564 524 Spaces Moved 579 | 69 345 165 Core 28 | 15 . 13 Treads 12 | . . 12 Legs 539 | 54 345 140 Wheels . | . . . Hover . | . . . Flight . | . . . Fastest Speed 50 | 50 120 150 Average Speed 147 | 104 137 185 Slowest Speed 650 | 120 150 650 Overloaded Moves . | . . . Propulsion Burnouts . | . . . Robots Hopped . | . . . Cave-ins Triggered . | . . . Exploration Rate (%) 24 | 9 47 16 Regions Visited 2 Branch Regions . Pre-discovered Areas . | . . . Known Exits Taken . | . . . Unknown Exits Taken 2 | 1 1 . Scrap Searched . | . . . Spaces Dug . | . . . Terrain Destroyed 20 | . . 20 Melee . | . . . Projectile . | . . . AOE 20 | . . 20 Terrain Rammed . | . . . Walls Destroyed . | . . . Machines Disabled . | . . . Actions | -11 -10 -9 --------- Run | Scr Mat Mat Total 739 | 79 386 274 Wait 8 | . . 8 Move 577 | 68 344 165 Hop . | . . . Pick Up 12 | 4 5 3 Fast Attach 14 | 4 1 9 Attach 15 | 2 4 9 Detach 4 | . 2 2 Swap 2 | . 1 1 Drop 8 | . 3 5 Fire 99 | 1 26 72 Melee . | . . . Ram . | . . . Kick . | . . . Crush . | . . . Escape Stasis . | . . . Rewire . | . . . Trap . | . . . Miscellaneous . | . . . Route ------- -11/Scrapyard -10/Materials (discovered 2 exits: *Mat / [*Min]) -9/Materials (discovered 1 exit: [*Sto]) History --------- Turn | Location | Event 2 | -11/Scrapyard | Met Revision 17 61 | -11/Scrapyard | Discovered new exit (range 8) 88 | -11/Scrapyard | Entered Materials 328 | -10/Materials | Discovered new exit (range 8) 333 | -10/Materials | Build established: Mutant 638 | -10/Materials | Discovered new exit (range 9) 652 | -10/Materials | Entered another Materials area 652 | -9/Materials | Evolved 2 slots: Power x1, Utility x1 867 | -9/Materials | Lost 3 parts (2n1w) 899 | -9/Materials | Core integrity fell below 50% 930 | -9/Materials | Core integrity fell below 20% 1136 | -9/Materials | Discovered new exit (range 16) 1176 | -9/Materials | Destroyed self with Grenade Launcher Last Messages --------------- Acquired 31 matter. U-05 Engineer lays Concrete. Assault Rifle destroyed. U-05 Engineer lays Concrete. Acquired Beam Rifle. U-05 Engineer lays Concrete. U-05 Engineer builds a Door. Acquired 10 matter. Acquired Heat Sink. U-05 Engineer lays Concrete. Y-45 Defender destroyed. Acquired 12 matter. The unstable cave ceiling collapses. U-05 Engineer lays Concrete. Acquired 8 matter. K-01 Serf collects debris. K-01 Serf destroyed. Beam Rifle destroyed. Destroyed Beam Rifle. [Achievement: First Step to Greatness] Map ----- +----------------------------------------------------+ | ???????????????????????# """#??# ## | | ???????????????????????# """#??# = | | ???????????????????????# #??#%!= | | ???????????????????????# #??#=[%[ | | ???????????????????????########??#%%*## | | ??????????????""?????????????????#==%## | | ?????????????"T" ????????????????#!%=# | | ??????????? " " ################ + | | ??????????? %=#/ | | ?????????? ! #[ | | ??????????# = ## | | ??????????# ########+##? | | ??????????# ####### ? | | ??????????# # # | | ??????????? ############ + """ # | | ??????????????????????### """ # | | ????????????????###???# # """ # | | ???????????????] ???# # | | ??????????#???? """???## """ # | | ??????????# ??? ""????# """ # | | ??????????# ??? ""????## """ ###### | | # ????????# o?? ??????# # #????? | | # ???## ## ??????## !#######????? | | # # = +####### #?????????? | | ?? a/ =[ * a #?????????? | | ?????????# < @! #?????????? | | ?????????# ##+####### #?????????? | | ?????????## #? ?????##+###?????????? | | ??????????# ?? ????????????????????? | | ??????????# ??#! !???????????????????? | | ??????????#???# ???????????????????? | | ??????????????# ??????????????????? | | ??????????????# [ ??????????????????? | | ??????????????#######?????????????????? | | ??????????????????????????????????????? | | ??????????????????????????????????????? | | ??????????????????????????????????????? | | ??????????????????????????????????????? | | ??????????????????????????????????????? | | ??????????????????????????????????????? | | ??????????????????????????????????????? | | ??????????????????????????????????????? | | ??????????????????????????????????????? | | ??????????????????????????????????????? | | ??????????????????????????????????????? | | ??????????????????????????????????????? | | ??????????????????????????????????????? | | ??????????????????????????????????????? | | ??????????????????????????????????????? | | ??????????????????????????????????????? | +----------------------------------------------------+ Best States ------------- Heat Dissipation 38 Coolant Potential 50 Energy Generation 17 Energy Capacity 415 Matter Stores 300 Matter Capacity 300 Sight Range 16 Terrain Scan Density 10 Evasion (%) 50 Targeting Accuracy 5 Recoil Reduction 1 Item Schematics ----------------- None Robot Schematics ------------------ None Fabricated ------------ Nothing Alien Tech Used ----------------- None Achievements -------------- Crack Shot First Step to Greatness Risk Taker Storm Trooper Uninvited Guest Challenges ------------ None Game ------ Seed ThunderCentriumTreads Manual? 0 Play Time 00:28:37 Cumulative 0.9 hours Start 2020.11.15 @ 12:50:39 End 2020.11.15 @ 13:21:04 Sessions 1 Manual Loads 0 Difficulty Rogue Special Mode None Game No. 1 Rogue 1 Adventurer 0 Explorer 0 Win Type - Total 0 Types 0/0/0/0/0/0/0/0/0 Lore% 0 Gallery% 1 Achievement% 1 Wizard Run 0 Options --------- ASCII 0 Keyboard 0 Movement Numpad Keybinds 0 Fullscreen 1 Font 18/SmallcapsGlow Map View 76x50 Tactical HUD 0 Map Filters NONE Filters NONE Steam 1 RUN: 5dfde004-fdc0-4dc3-9491-12472a837ec0